 Dungeon Crawl Stone Soup version 0.31-a0-237-g2d982f9f85 (webtiles) character file.

Game seed: 17695180004828783707

275 qw the Shooter (level 6, -13/37 HPs)
             Began as a Gargoyle Hexslinger on July 11, 2023.
             Killed from afar by an orc wizard (16 damage)
             ... with a bolt of dispelling energy
             ... on level 4 of the Dungeon.
             The game lasted 00:01:04 (2524 turns).

qw the Shooter (Gargoyle Hexslinger)                Turns: 2524, Time: 00:01:04

Health: -13/37     AC:  9    Str: 11      XL:     6   Next: 25%
Magic:  7/7        EV: 10    Int: 14      God:
Gold:   235        SH:  0    Dex: 13 (14) Spells: 6/7 levels left

rFire   . . .        Y - +1 sling (drain)
rCold   . . .        (no shield)
rNeg    + . .        g - +0 ring mail
rPois   inf          (no helmet)
rElec   +            (no cloak)
rCorr   .            (no gloves)
SInv    .            (no boots)
Will    .....        j - amulet of the acrobat
Stlth   +            (no ring)
HPRegen 0.26/turn    (no ring)
MPRegen 0.10/turn

%: acrobat
@: no status effects
A: sickness immunity, AC +4, negative energy resistance 1, electricity
resistance, torment resistance 1, petrification resistance
a: no special abilities


You were on level 4 of the Dungeon.
You visited 1 branch of the dungeon, and saw 4 of its levels.

You collected 235 gold pieces.


Innate Abilities, Weirdness & Mutations

You are immune to sickness and miasma.
Your stone body is resilient. (AC +4)
You are immune to poison.
You resist negative energy. (rN+)
You are resistant to electric shocks. (rElec)
You are resistant to unholy torment.
You are immune to petrification.


   Skills:
 - Level 3.2 Fighting
 + Level 5.2 Ranged Weapons
 - Level 2.0 Armour
 - Level 1.5 Dodging
 - Level 1.0 Spellcasting
 - Level 2.6 Hexes


You had 6 spell levels left.
You knew the following spells:

 Your Spells              Type           Power      Damage    Failure   Level
a - Slow                  Hex            32%        N/A       21%         1

Your spell library contained the following spells:

 Spells                   Type           Power      Damage    Failure   Level
 Inner Flame              Hex/Fire       4%         N/A       71%         3
 Portal Projectile        Hex/Tloc       8%         N/A       71%         3
 Cause Fear               Hex            4%         N/A       90%         4

Inventory:

Hand Weapons
 Y - a +1 sling of draining (weapon)
Armour
 g - a +0 ring mail (worn)
Jewellery
 j - an amulet of the acrobat (around neck)
Scrolls
 d - a scroll of identify
Potions
 b - a potion of curing
 e - 2 potions of haste
 h - a potion of enlightenment {unknown}
 i - a potion of mutation {unknown}

Dungeon Overview and Level Annotations

Branches:
Dungeon (4/15)
 Temple: D:4-7

Altars:
Makhleb

Shops:
D:1 [   D:3 [

Annotations:
D:3 1 runed translucent door, Crazy Yiuf


Message History

Something hits you but does no damage. The phantom hits you.
You shoot a sling bullet.
The sling bullet completely misses the phantom.
Something hits you but does no damage. The phantom hits you.
The phantom blinks!
You blink.
The phantom barely misses you.
Enter note:
Enter note:
Enter note: You shoot a sling bullet.
The sling bullet barely misses the phantom.
The phantom barely misses you.
You hear a zap.
A bolt of dispelling energy appears from out of thin air!
The bolt of dispelling energy hits you.
You shoot a sling bullet. The sling bullet hits the phantom.
The phantom is almost destroyed.
You hear a zap.
A bolt of dispelling energy appears from out of thin air!
The bolt of dispelling energy misses you.
The phantom closely misses you.
You shoot a sling bullet.
The sling bullet completely misses the phantom.
A magic dart appears from out of thin air!
The magic dart hits you.
The phantom hits you but does no damage.
The phantom hits you.
You hear a zap.
A bolt of dispelling energy appears from out of thin air!
The bolt of dispelling energy hits you!
You shoot a sling bullet.
The sling bullet closely misses the phantom.
A magic dart appears from out of thin air!
The magic dart hits you but does no damage.
The phantom closely misses you.
You shoot a sling bullet.
The sling bullet closely misses the phantom.
You hear a zap.
A bolt of dispelling energy appears from out of thin air!
The bolt of dispelling energy hits you!
You die...

.......##. ########
.## # ..# . #.# ..
#.# ## .. #.#
.####### .# ###.##
.......... #....#
#######.######..@.#
......[..{.....W..#
#######.######....#
# # # #....# #....#
######


You could see a phantom.

Vanquished Creatures
  An orc priest (D:4)
  A hound (D:4)
  An iguana (D:4)
  Ijyb (D:3)
  Terence (D:3)
  An orc wizard (D:4)
  4 adders
  A worm (D:3)
  6 orcs
  7 ball pythons
  8 endoplasms
  A giant cockroach (D:1)
  6 hobgoblins
  3 jackals (D:1)
  5 kobolds
  4 quokkas
  7 bats
  3 frilled lizards (D:3)
  5 goblins
  6 rats
72 creatures vanquished.

Notes
Turn   | Place    | Note
-------+----------+-------------------------------------------
     0 | D:1      | qw the Gargoyle Hexslinger began the quest for the Orb.
     0 | D:1      | Reached XP level 1. HP: 12/12 MP: 2/2
     0 | D:1      | 0 ||| qw: Version: 0.3-a-52-g30416fa
     0 | D:1      | 0 ||| qw: Game counter: 5786
     0 | D:1      | 0 ||| qw: Melee chars always use a shield: true
     0 | D:1      | 0 ||| qw: God list: Okawaru
     0 | D:1      | 0 ||| qw: Allow faded altars: false
     0 | D:1      | 0 ||| qw: Do Orc after clearing Dungeon:15 true
     0 | D:1      | 0 ||| qw: Do second Lair branch before Depths: true
     0 | D:1      | 0 ||| qw: Lair rune preference: random
     0 | D:1      | 0 ||| qw: Goals: Normal
     0 | D:1      | 0 ||| PLANNING D:1-11
   100 | D:1      | Reached XP level 2. HP: 16/16 MP: 3/3
   105 | D:1      | Found Xoohot's Antique Armour Shoppe.
   170 | D:1      | You fall into a shaft and drop 1 floor!
   201 | D:2      | Reached skill level 3 in Ranged Weapons
   205 | D:2      | 205 ||| UPGRADING to +0 ring mail.
   215 | D:2      | 215 ||| DROPPING +0 robe.
   216 | D:2      | 216 ||| READING 2 scrolls labelled COUVIT RAHE.
   217 | D:2      | 217 ||| READING scroll labelled ZIUSE OSUYPHU.
   218 | D:2      | 218 ||| DROPPING scroll of blinking.
   219 | D:2      | 219 ||| DROPPING scroll of poison.
   332 | D:1      | Reached XP level 3. HP: 21/21 MP: 4/4
   360 | D:1      | 360 ||| SHOPLISTING runed ring mail (203 gold, have 52).
   637 | D:1      | 637 ||| READING scroll labelled VOUSUKH KAGO.
   638 | D:1      | 638 ||| DRINKING 2 red potions.
   673 | D:1      | 673 ||| DRINKING 2 purple potions.
   674 | D:1      | 674 ||| DROPPING potion of lignification.
   675 | D:1      | 675 ||| DROPPING potion of degeneration.
  1273 | D:2      | Reached skill level 4 in Ranged Weapons
  1273 | D:2      | Reached XP level 4. HP: 26/26 MP: 5/5
  1289 | D:2      | 1289 ||| READING 2 scrolls labelled JIACHI BIWK.
  1290 | D:2      | 1290 ||| DROPPING scroll of amnesia.
  1385 | D:3      | Found a burning altar of Makhleb.
  1525 | D:3      | Found a faded altar of an unknown god.
  1533 | D:3      | Noticed Terence
  1543 | D:3      | Killed Terence
  1589 | D:3      | Noticed Ijyb
  1594 | D:3      | Paralysed by Ijyb for 3 turns
  1600 | D:3      | Killed Ijyb
  1601 | D:3      | Reached XP level 5. HP: 20/30 MP: 6/6
  1857 | D:3      | Found a runed translucent door.
  1858 | D:3      | Noticed Crazy Yiuf
  1912 | D:3      | Found Cojask's Armour Shoppe.
  1915 | D:3      | 1915 ||| SHOPLISTING +2 pair of gloves of dexterity (215
                  | gold, have 206).
  1915 | D:3      | 1915 ||| SHOPLISTING +3 ring mail of fire resistance (260
                  | gold, have 206).
  2237 | D:3      | 2237 ||| UPGRADING to amulet of the acrobat.
  2242 | D:3      | 2242 ||| READING 2 scrolls labelled UTE CAURAIR.
  2243 | D:3      | 2243 ||| READING scroll labelled PODEXUSHR YTYOT.
  2344 | D:3      | 2344 ||| READING 3 scrolls of identify.
  2344 | D:3      | 2344 ||| IDENTIFYING dark potion
  2345 | D:3      | 2345 ||| READING 2 scrolls of identify.
  2345 | D:3      | 2345 ||| IDENTIFYING bubbling ruby potion
  2346 | D:3      | 2346 ||| DROPPING potion of berserk rage.
  2347 | D:3      | 2347 ||| DROPPING potion of brilliance.
  2348 | D:3      | 2348 ||| DROPPING scroll of vulnerability.
  2404 | D:4      | Reached skill level 5 in Ranged Weapons
  2466 | D:4      | Reached XP level 6. HP: 36/36 MP: 7/7
  2490 | D:4      | Reached skill level 3 in Fighting
  2522 | D:4      | HP: 2/37 [something/bolt of dispelling energy (16)]
  2524 | D:4      | Killed from afar by an orc wizard

Levels and vault maps discovered:
D:1:      dpeg_arrival_three_smaller_balls, layout_rooms, serial_shops,
          nicolae_shop_gibbet_a_chance, minmay_misc_feat_x
D:2:      layout_basic, minmay_misc_feat_hallway, minmay_misc_feat_four_crosses,
          minmay_misc_feat_doors
D:3:      layout_basic, mainiacjoe_overflow_24_doors,
          shapermc_ecumenical_altar_totnotflames, serial_shops,
          nicolae_shop_real_fake_doors, grunt_ministairs_11, minmay_between,
          uniq_ijyb, uniq_crazy_yiuf_cottage, uniq_terence
D:4:      layout_rooms, hangedman_glass_teeth, supply_closet_lemuel

Skill      XL: |  1  2  3  4  5  6 |
---------------+-------------------+-----
Ranged Weapons | 3 4 5 |  5.2
Fighting       | 2 3 |  3.2
Armour         | 2 |  2.0
Dodging        | |  1.5
Spellcasting   | |  1.0
Hexes          | |  2.6

Action                     |  1- 3 |  4- 6 || total
---------------------------+-------+-------++-------
   Fire: Sling             |   114 |   135 ||   249
    Use: Scroll            |     3 |     5 ||     8
         Potion            |     2 |       ||     2
 Armour: Robe              |     3 |       ||     3
         Ring mail         |    29 |    51 ||    80
  Dodge: Dodged            |    64 |    42 ||   106

Table legend:
 A = Non-vault XP
 B = Vault XP
 C = Vault XP percentage of total XP
 D = Non-vault monster count
 E = Vault monster count
 F = Vault count percentage of total count
                 A         B        C        D         E       F
            +---------+---------+-------+---------+---------+-------
      Total |     307 |      87 |  22.1 |      63 |       9 |  12.5
            +---------+---------+-------+---------+---------+-------
        D:1 |      43 |       0 |   0.0 |      25 |       0 |   0.0
        D:2 |      49 |       0 |   0.0 |      17 |       0 |   0.0
        D:3 |      26 |      87 |  77.0 |       8 |       9 |  52.9
        D:4 |     189 |       0 |   0.0 |      13 |       0 |   0.0
            +---------+---------+-------+---------+---------+-------
